 Dungeon Crawl Stone Soup version 0.18-a0-1604-gf68bb23 (webtiles) character file.

1528323 Demise101 the Conqueror (level 24, 249/249 HPs)
             Began as a Minotaur Artificer on Mar 16, 2016.
             Was an Elder of Trog.
             Escaped with the Orb
             ... and 3 runes on Mar 21, 2016!
             The game lasted 02:31:17 (77824 turns).

Demise101 the Conqueror (Minotaur Artificer)       Turns: 77824, Time: 02:31:18

Health: 249/249    AC: 40    Str: 22    XL:     24   Next: 88%
Magic:  30/30      EV: 16    Int:  9    God:    Trog [****..]
Gold:   5571       SH: 16    Dex: 17    Spells: 0 memorised, 23 levels left

rFire  + + .     SeeInvis .     a - +9 double sword (slice)
rCold  + . .     Gourm    .     X - +4 crystal plate armour
rNeg   . . .     Faith    +     i - +2 shield of Resistance {rF+ rC+ MR+}
rPois  .         Spirit   .     R - +1 hat
rElec  .         Dismiss  .     d - +1 cloak {MR+}
rCorr  .         Reflect  .     c - +1 pair of gloves {archery}
SustAt .         Harm     .     g - +0 pair of boots
MR     +++..                    W - amulet of faith
Stlth  ..........               f - ring of protection from fire
                                y - +4 ring of slaying

@: extremely resistant to hostile enchantments, extremely unstealthy
A: retaliatory headbutt, horns 2, no device heal 1, subdued magic 3
a: Berserk, Trog's Hand, Brothers in Arms, Burn Spellbooks, Renounce Religion
0: Orb of Zot
}: 3/15 runes: decaying, abyssal, gossamer


You escaped.
You worshipped Trog.
Trog was greatly pleased with you.
You were not hungry.

You visited 9 branches of the dungeon, and saw 48 of its levels.
You visited the Abyss 2 times.
You also visited: Labyrinth, Bailey and Ice Cave.

You collected 8433 gold pieces.
You spent 2862 gold pieces at shops.

Inventory:

Hand Weapons
 a - a +9 double sword of slicing (weapon)
 k - a +7 double sword of protection
 z - the +6 dagger "Sefi" {antimagic, Str+2}
   (You found it on level 4 of the Depths)

   It disrupts the flow of magical energy around spellcasters and certain
   magical creatures (including the wielder).
   It affects your strength (+2).
 S - the +10 sword of Jihad {holy, *Rage rN+ EV+3 Stlth-}
   (Trog gifted it to you on level 4 of the Vaults)

   It has been blessed by the Shining One to cause great damage to the undead
   and demons.
   It affects your evasion (+3).
   It protects you from negative energy.
   It may make you go berserk in combat.
   It makes you less stealthy.
Armour
 c - a +1 pair of gloves of archery (worn)
 d - a +1 cloak of magic resistance (worn)
 g - a +0 pair of boots (worn)
 i - the +2 shield of Resistance (worn) {rF+ rC+ MR+}
   (You found it in a bailey)

   It protects you from fire.
   It protects you from cold.
   It affects your resistance to hostile enchantments.
 R - a +1 hat (worn)
 X - a +4 crystal plate armour (worn)
Jewellery
 f - a ring of protection from fire (right hand)
 y - a +4 ring of slaying (left hand)
 P - a +3 ring of evasion
 W - an amulet of faith (around neck)
 Y - an uncursed ring of poison resistance
Wands
 p - a wand of heal wounds (1/9)
 t - a wand of hasting (3/9)
 v - a wand of acid (8/15)
 B - a wand of teleportation (3/9)
 G - a wand of disintegration (8/24)
 M - a wand of teleportation (1/9)
 T - a wand of digging (13/24)
Scrolls
 b - a scroll of enchant armour
 e - 2 scrolls of fear
 j - a scroll of enchant weapon
 m - a scroll of teleportation
 r - 4 scrolls of fog
 s - a scroll of identify
 u - 2 scrolls of recharging
 D - 9 scrolls of blinking
 N - 15 scrolls of remove curse
 Z - 3 scrolls of magic mapping
Potions
 h - 2 potions of agility
 l - 4 potions of magic
 q - 2 potions of cancellation
 w - 2 potions of haste
 x - 23 potions of curing
 A - a potion of resistance
 C - a potion of ambrosia
 E - 6 potions of flight
 F - 4 potions of heal wounds
 I - a potion of brilliance
 J - 2 potions of invisibility
 L - 4 potions of berserk rage
 U - 2 potions of might
Miscellaneous
 n - a lamp of fire
 H - a fan of gales
Comestibles
 o - 5 meat rations
 K - 12 royal jellies
 O - 3 beef jerkies
 Q - 2 slices of pizza
 V - 20 bread rations


   Skills:
 O Level 27 Fighting
 - Level 15.0(17.8) Short Blades
 * Level 17.6(19.8) Long Blades
   Level 2.8 Maces & Flails
 + Level 21.8 Armour
 + Level 20.0 Dodging
 - Level 0.7 Stealth
 - Level 15.0 Shields
 + Level 11.4 Evocations


You had 23 spell levels left.
You didn't know any spells.

Dungeon Overview and Level Annotations

Branches:
Dungeon (15/15)            Temple (1/1) D:7            Lair (8/8) D:9
  Swamp (4/4) Lair:4       Spider (4/4) Lair:6        Slime (0/6) Lair:6
    Orc (2/2) D:9             Elf (0/3) Orc:2        Vaults (4/5) D:14
  Crypt (0/3) Vaults:2     Depths (5/5) D:15            Zot (5/5) Depths:5

Altars:
Ashenzari
Cheibriados
Dithmenos
Elyvilon
Gozag
Kikubaaqudgha
Makhleb
Okawaru
Pakellas
Qazlal
Ru
Sif Muna
Trog
Vehumet
Xom
Yredelemnul
The Shining One
Beogh
Jiyva
Lugonu

Shops:
D:7 ([==?   D:8 *   Orc:2 =:[[?   Vaults:1 }   Vaults:3 }   Vaults:4 *[[(

Portals:
Hell: Depths:1 Depths:2 Depths:3 Depths:4 Depths:5
Abyss: Depths:2 Depths:4
Pandemonium: Depths:1 Depths:3 Depths:5
Ziggurat: Depths:1
Trove: D:11 (give 16 potions of curing)

Annotations:
Lair:6 exclusion: oklob plant


Innate Abilities, Weirdness & Mutations

You reflexively headbutt those who attack you in melee.
You have a pair of horns on your head.
Potions and wands are less effective at restoring your health.
Your spells are much easier to cast, but much less powerful.


Message History

Unknown command.
Unknown command.
Unknown command.
Unknown command.
Unknown command.
Unknown command.
Your magical contamination has completely faded away.
A white imp comes into view.
Evoke which item? (* to show all) (? for menu, Esc to quit)
Zapping:
T - a wand of digging (15/24)
Press: ? - help, Shift-Dir - straight line, f - you The rock shatters into small pieces.
This wand has 14 charges left.
A white imp is nearby!
Evoke which item? (* to show all) (? for menu, Esc to quit)
Zapping:
T - a wand of digging (14/24)
Press: ? - help, Shift-Dir - straight line, f - you The rock shatters into small pieces.
This wand has 13 charges left.
A white imp is nearby!
There is a staircase leading out of the dungeon here.
You have escaped!

.# #.# #.##.......# #.# .#
####.# #.##.......# #.#
.###....## #(##.......#
#.# .........#
#..(.....>.# #.#
####.###.# ####.......#
#.# #5# #.# ##.##....# #)#
#.# #.######PPP#....# #.#
#.# #.....#.≈≈≈#########.#
#.# ######5..@..#..[.....#
#.#######.##♣.♣###########
#....5...## #'# #.########
#.# #.# #.# #(# #.# #.#
#.# ####.###### #.#
..........# #.#


You could see a white imp.

Vanquished Creatures
  An ancient lich (Zot:5)
  8 orbs of fire
  A juggernaut (Depths:5)
  Margery (Depths:5)
  The ghost of Demise101 the Conqueror, a veteran MiAs of Trog (Zot:2)
  3 Killer Klowns (Zot:5)
  Jory (Vaults:1)
  The ghost of Xenophilius the Impregnable, an adept MiFi of Okawaru (Depths:2)
  6 golden dragons
  2 electric golems (Zot:5)
  A hellephant (Abyss:2)
  5 tentacled monstrosities
  23 Orb Guardians
  5 liches
  A titan (Vaults:4)
  Frances (D:12)
  4 tentacled starspawn
  A sphinx (Depths:4)
  A shadow dragon (Depths:5)
  6 storm dragons
  3 tengu reavers
  3 thorn hunters
  5 fire giants
  3 draconian knights (Zot:5)
  12 vault wardens
  4 ghost moths
  An iron dragon (Depths:4)
  4 emperor scorpions
  3 draconian scorchers
  5 frost giants
  An angel (D:3)
  Donald (Spider:1)
  A draconian shifter (Depths:5)
  An orc warlord (Vaults:4)
  2 cacodemons
  14 ironheart preservers
  3 draconian zealots (Zot:5)
  A draconian annihilator (Zot:5)
  18 stone giants
  A deep elf elementalist (Abyss:3)
  8 very ugly things
  5 vampire knights
  A green draconian (Zot:5)
  A draconian caller (Depths:5)
  A deep elf demonologist (Vaults:1)
  A salamander stormcaller (Vaults:2)
  3 deep elf annihilators
  5 mottled draconians
  4 black draconians
  A white draconian (Zot:2)
  2 purple draconians
  3 red draconians (Zot:5)
  5 yellow draconians
  9 spark wasps
  A lorocyproca (Abyss:2)
  3 merfolk javelineers (Depths:3)
  8 ettins
  A deep elf death mage (Depths:3)
  A green death (Abyss:2)
  15 fire dragons
  Josephine (D:13)
  A merfolk impaler (Depths:3)
  7 vault guards
  10 great orbs of eyes
  A minotaur (Lab)
  The ghost of Xenophilius the Carver, a journeyman MiGl of Okawaru (D:12)
  15 yaktaur captains
  14 ice dragons
  8 entropy weavers
  The ghost of Username the Brilliant, a journeyman DrAr of Pakellas (D:12)
  6 rakshasas
  17 hydras
  A hell beast (D:11)
  4 catoblepae
  15 ogre magi
  5 centaur warriors
  6 spriggan air magi
  5 alligators
  5 tengu warriors
  11 deep troll shamans
  16 death yaks
  5 deep troll earth magi
  Urug (D:11)
  2 thrashing horrors (Abyss:2)
  4 orc high priests
  11 spriggan berserkers
  A sun demon (D:12)
  3 wretched stars
  Nergalle (Lair:1)
  A soul eater (Abyss:3)
  2 fire crabs (Vaults:2)
  6 deep elf knights
  3 shadow wraiths
  6 hell knights
  A storm dragon skeleton (Vaults:4)
  A salamander mystic (Vaults:2)
  8 skeletal warriors
  5 iron trolls
  A spatial maelstrom (Abyss:3)
  3 giant orange brains
  7 swamp dragons
  3 unseen horrors
  24 deep trolls
  9 hill giants
  2 shambling mangroves (Swamp:2)
  A giant orange brain (shapeshifter) (Depths:1)
  2 flayed ghosts
  4 wizards
  3 deep elf archers
  8 necromancers
  An obsidian statue (D:13)
  A tengu zombie (Depths:3)
  13 orc knights
  12 ironbrand convokers
  9 orb spiders
  14 deep elf magi
  2 hornets (shapeshifter)
  4 orc sorcerers
  A wolf spider (shapeshifter) (D:13)
  31 wolf spiders
  2 cyclopes
  49 ugly things
  10 hornets
  6 griffons
  4 elephants
  2 salamanders (Vaults:1)
  12 large abominations
  10 moths of wrath
  3 sixfirhies
  17 vault sentinels
  2 worldbinders (Abyss:2)
  12 black mambas
  A fire giant skeleton (Depths:3)
  Psyche (D:11)
  2 ice statues (IceCv)
  2 centaur zombies (D:13)
  3 smoke demons
  3 orange demons
  An eye of devastation (Abyss:1)
  A torpor snail (Spider:3)
  14 spiny frogs
  A titan simulacrum (Depths:3)
  A gargoyle (D:14)
  2 efreet
  6 kobold demonologists
  10 komodo dragons
  A tengu conjurer (D:15)
  4 demonic crawlers
  A rime drake (Lair:6)
  49 yaktaurs
  5 hellwings
  6 freezing wraiths
  3 ice devils
  32 jumping spiders
  A red devil (Depths:3)
  A polar bear (Lair:8)
  5 giant leeches
  A polar bear (shapeshifter) (Vaults:3)
  A queen bee (shapeshifter) (D:15)
  6 trolls
  14 blink frogs
  27 two-headed ogres
  16 bog bodies
  A hornet zombie (D:14)
  10 raiju
  65 slime creatures
  5 boulder beetles
  2 stone giant simulacra
  4 shadows
  A spriggan (shapeshifter) (Vaults:2)
  A fire giant simulacrum (Depths:3)
  31 yaks
  9 spriggans
  12 air elementals
  29 tarantellas
  A vampire (Abyss:2)
  5 basilisks
  4 fire bats (Abyss:2)
  7 water elementals (Depths:3)
  3 ynoxinuls
  75 redbacks
  6 wraiths
  5 small abominations
  A wyvern (D:12)
  11 hippogriffs
  2 chaos spawn
  3 human simulacra
  2 mottled dragons
  2 hungry ghosts
  6 vampire mosquitoes
  3 spatial vortices (Abyss:3)
  A mottled dragon (shapeshifter) (Depths:5)
  13 swamp worms
  A naga (shapeshifter) (Depths:5)
  6 insubstantial wisps (Swamp:3)
  6 wargs
  18 water moccasins
  Duvessa (D:5)
  7 porcupines
  An ogre skeleton (Vaults:1)
  An elf zombie (Vaults:4)
  13 wasps
  38 orc warriors
  21 ice beasts
  2 sky beasts (shapeshifter)
  58 ogres
  19 swamp drakes
  5 black bears
  3 phantoms
  4 sky beasts
  3 eyes of draining (Depths:4)
  3 human zombies
  5 necrophages
  16 wolves
  11 boggarts
  7 centaurs
  A human skeleton (Vaults:1)
  15 crocodiles
  12 big kobolds
  An earth elemental (Lab)
  24 giant frogs
  Dowan (D:5)
  A yaktaur skeleton (Vaults:1)
  3 wyvern skeletons
  9 scorpions
  A water moccasin skeleton (D:10)
  13 killer bees
  24 wights
  8 howler monkeys
  9 electric eels
  6 crimson imps
  27 starcursed masses
  2 iron imps
  3 giant frog skeletons
  9 jellies
  4 quasits
  4 centaur skeletons
  20 orc priests
  8 hounds
  18 orc wizards
  Terence (D:3)
  8 iguanas
  A worker ant (shapeshifter) (Abyss:2)
  15 worker ants
  8 sheep
  2 killer bee zombies
  A hound skeleton (D:7)
  3 worker ant zombies
  22 gnolls
  A howler monkey skeleton (D:4)
  91 river rats
  14 adders
  4 shadow imps
  A white imp (Abyss:1)
  An ufetubus (Abyss:2)
  6 oozes
  An adder skeleton (D:9)
  An adder zombie (D:8)
  2 worms (D:4)
  A worm (shapeshifter) (Vaults:2)
  3 dart slugs
  10 giant geckos
  93 orcs
  14 bats
  4 giant cockroaches
  3 hobgoblins
  15 jackals
  29 kobolds
  5 quokkas
  A giant cockroach zombie (D:5)
  8 giant newts
  22 goblins
  A quokka zombie (D:5)
  13 rats
  2 briar patches (Swamp:2)
  A butterfly (D:9)
  A plant (Lair:6)
  A starspawn tentacle (Abyss:2)
2155 creatures vanquished.

Vanquished Creatures (collateral kills)
  An ancient lich (Zot:5)
  the Lernaean hydra (Swamp:4)
  The ghost of smazza the Severer, an adept DDNe of Makhleb (Spider:3)
  Wiglaf (Depths:2)
  3 ghost moths
  2 very ugly things (Depths:4)
  A stone giant (Depths:4)
  A green draconian (Zot:5)
  A spark wasp (Depths:4)
  A white draconian (Zot:5)
  A purple draconian (Zot:2)
  An eidolon (Vaults:2)
  2 vault guards
  An entropy weaver (Spider:4)
  2 ice dragons (IceCv)
  3 hydras (Swamp:4)
  3 ogre magi
  3 death yaks (Lair:8)
  A death knight (Vaults:4)
  A deep troll earth mage (Vaults:4)
  An orc high priest (Orc:2)
  A spriggan (Swamp:4)
  3 deep trolls
  4 swamp dragons (Swamp:4)
  A deep elf archer (D:14)
  2 ironbrand convokers (Vaults:4)
  3 orb spiders (Spider:4)
  4 wolf spiders (Spider:4)
  2 orc knights (Orc:2)
  4 moths of wrath
  3 orc sorcerers
  A vault sentinel (Vaults:4)
  2 spiny frogs
  2 demonic crawlers
  A komodo dragon (D:11)
  5 yaktaurs
  A jumping spider (Spider:4)
  4 blink frogs
  4 bog bodies (Swamp:4)
  2 slime creatures (Swamp:4)
  2 air elementals (Depths:5)
  A deep troll skeleton (Depths:1)
  9 redbacks
  4 tarantellas (Spider:4)
  An elf skeleton (Depths:1)
  3 swamp worms (Swamp:4)
  A human zombie (Depths:1)
  2 water moccasins
  A wasp (Swamp:4)
  6 ogres
  An orc warrior (Orc:2)
  2 electric eels (D:10)
  An orc priest (Orc:2)
  An orc wizard (Orc:2)
  An adder (D:12)
  2 orcs (Vaults:4)
  2 fungi (Swamp:4)
121 creatures vanquished.

Vanquished Creatures (others)
  An ironbrand convoker (Vaults:1)
  An ugly thing (Vaults:1)
  2 moths of wrath (Zot:5)
  A smoke demon (Abyss:1)
  A rust devil (Zot:5)
  A slime creature (Depths:4)
  2 yaks (Lair:6)
  A wasp (Swamp:2)
  A boggart (Depths:3)
  An ogre (Depths:4)
  A small abomination (Abyss:2)
  3 briar patches (Swamp:4)
  4 bushes
  22 fungi
  A lurking horror (Abyss:2)
  15 plants
  13 starspawn tentacles
  148 starspawn tentacle segments
219 creatures vanquished.

Grand Total: 2495 creatures vanquished

Notes
Turn   | Place    | Note
--------------------------------------------------------------
     0 | D:1      | Demise101 the Minotaur Artificer began the quest for the Orb.
     0 | D:1      | Reached XP level 1. HP: 16/16 MP: 1/1
   134 | D:1      | Reached XP level 2. HP: 23/23 MP: 3/3
   251 | D:1      | Reached skill level 2 in Fighting
   718 | D:2      | Reached XP level 3. HP: 27/29 MP: 4/4
  1086 | D:2      | Reached XP level 4. HP: 37/37 MP: 5/5
  1136 | D:2      | Reached skill level 3 in Fighting
  1594 | D:3      | Found a shadowy altar of Dithmenos.
  1637 | D:3      | Found a glowing golden altar of the Shining One.
  1776 | D:3      | Reached XP level 5. HP: 33/45 MP: 6/6
  2162 | D:3      | Noticed Terence
  2175 | D:3      | Killed Terence
  2395 | D:4      | Reached skill level 5 in Short Blades
  2444 | D:4      | Reached XP level 6. HP: 52/52 MP: 7/7
  2478 | D:4      | Reached skill level 4 in Fighting
  2875 | D:4      | Reached skill level 5 in Fighting
  2875 | D:4      | Reached XP level 7. HP: 41/61 MP: 8/8
  3902 | D:5      | Entered Level 5 of the Dungeon
  4049 | D:5      | Found a shadowy altar of Dithmenos.
  4059 | D:5      | Reached skill level 6 in Fighting
  4059 | D:5      | Reached XP level 8. HP: 24/70 MP: 9/9
  4542 | D:5      | Reached skill level 1 in Maces & Flails
  4546 | D:5      | Noticed Duvessa
  4547 | D:5      | Noticed Dowan
  4561 | D:5      | Killed Duvessa
  4575 | D:5      | Killed Dowan
  5181 | D:6      | Found a basalt altar of Yredelemnul.
  5354 | D:6      | Reached skill level 7 in Fighting
  6188 | D:6      | Reached skill level 5 in Dodging
  6485 | D:7      | Found Uzoskal's Antique Weapon Boutique.
  6513 | D:7      | Bought a glowing falchion for 84 gold pieces
  6590 | D:7      | Found an oddly glowing altar of Pakellas.
  6604 | D:7      | Found an opulent altar of Gozag.
  6613 | D:7      | Reached XP level 9. HP: 79/79 MP: 10/10
  6638 | D:7      | Found Zomuoraell's Jewellery Emporium.
  6660 | D:7      | Found Istradil's Jewellery Shop.
  6976 | D:7      | Found Hirutopt's Magic Scroll Shoppe.
  7013 | D:7      | Bought a scroll of fear for 49 gold pieces
  7013 | D:7      | Bought a scroll of teleportation for 42 gold pieces
  7013 | D:7      | Bought a scroll of blinking for 105 gold pieces
  7035 | D:7      | Found a burning altar of Makhleb.
  7045 | D:7      | Reached skill level 10 in Short Blades
  7102 | D:7      | Found Fogu Vas's Armour Emporium.
  7199 | D:7      | Found a staircase to the Ecumenical Temple.
  7376 | Temple   | Entered the Ecumenical Temple
  7394 | Temple   | Became a worshipper of Trog the Wrathful
  7680 | D:8      | Reached skill level 8 in Fighting
  7983 | D:8      | Reached * piety under Trog
  8146 | D:8      | Found a snail-covered altar of Cheibriados.
  8194 | D:8      | Found Luwn's Assorted Antiques.
  8203 | D:8      | Bought a scroll labeled OTEEXU XUMOX for 25 gold pieces
  8444 | D:8      | Reached skill level 1 in Armour
  8535 | D:8      | Found a white marble altar of Elyvilon.
  9424 | D:9      | Reached ** piety under Trog
  9464 | D:9      | You fall through a shaft for 2 floors!
  9528 | D:11     | Noticed a purple ugly thing
  9530 | D:11     | Noticed Psyche
  9537 | D:11     | Killed a purple ugly thing
  9537 | D:11     | Reached XP level 10. HP: 90/90 MP: 11/11
  9543 | D:11     | Killed Psyche
  9543 | D:11     | Reached skill level 9 in Fighting
  9808 | D:10     | Entered Level 10 of the Dungeon
  9992 | D:9      | Found a shimmering altar of Xom.
 10307 | D:9      | Reached skill level 5 in Armour
 10562 | D:9      | Found a staircase to the Lair.
 10566 | D:9      | Reached *** piety under Trog
 10602 | D:9      | Found a staircase to the Orcish Mines.
 11003 | Lair:1   | Entered Level 1 of the Lair of Beasts
 11183 | Lair:1   | Reached skill level 10 in Fighting
 11661 | Lair:1   | Noticed a black mamba
 11671 | Lair:1   | Killed a black mamba
 11671 | Lair:1   | Reached XP level 11. HP: 100/100 MP: 12/12
 12315 | Lair:1   | Noticed Nergalle
 12340 | Lair:1   | Killed Nergalle
 12586 | Lair:2   | Noticed an eight-headed hydra
 12596 | Lair:2   | Killed an eight-headed hydra
 14469 | Lair:2   | Reached skill level 11 in Fighting
 14580 | Lair:3   | Reached **** piety under Trog
 14763 | Lair:3   | Noticed a catoblepas
 14787 | Lair:3   | Killed a catoblepas
 16265 | Lair:4   | Upgraded the game from 0.18-a0-1575-g920359c to 0.18-a0-1577-gf591c28
 16266 | Lair:4   | Upgraded the game from 0.18-a0-1577-gf591c28 to 0.18-a0-1604-gf68bb23
 16379 | Lair:4   | Found a staircase to the Swamp.
 16510 | Lair:4   | Reached XP level 12. HP: 100/112 MP: 13/13
 17425 | Lair:5   | Reached skill level 15 in Short Blades
 17601 | Lair:5   | Reached skill level 12 in Fighting
 17605 | Lair:5   | Noticed a five-headed hydra
 17613 | Lair:5   | Killed a five-headed hydra
 17614 | Lair:5   | Found an iron altar of Okawaru.
 18521 | Lair:5   | Noticed a catoblepas
 18544 | Lair:5   | Killed a catoblepas
 19360 | Lair:6   | Reached skill level 13 in Fighting
 19600 | Lair:6   | Found a frozen archway.
 19611 | Lair:6   | Reached skill level 10 in Armour
 19704 | IceCv    | Entered an ice cave
 20526 | IceCv    | Noticed an ice dragon
 20527 | IceCv    | Noticed an ice dragon
 20540 | IceCv    | Killed an ice dragon
 20547 | IceCv    | Killed an ice dragon
 20804 | Lair:6   | Reached XP level 13. HP: 123/123 MP: 14/14
 20820 | Lair:6   | Found a hole to the Spider Nest.
 21297 | Lair:6   | Found a staircase to the Slime Pits.
 21298 | Lair:6   | Found a viscous altar of Jiyva.
 21766 | Lair:7   | Reached skill level 14 in Fighting
 21992 | Lair:6   | Reached XP level 14. HP: 132/132 MP: 15/15
 22460 | Lair:7   | Reached ***** piety under Trog
 23896 | Lair:8   | Entered Level 8 of the Lair of Beasts
 23916 | Lair:7   | Reached skill level 15 in Fighting
 26665 | Lair:8   | Reached skill level 10 in Dodging
 26918 | Lair:8   | Reached skill level 16 in Fighting
 27112 | Lair:8   | Received a gift from Trog
 29767 | Lair:3   | Received a gift from Trog
 30021 | D:10     | Found a shattered altar of Ashenzari.
 31040 | D:11     | Reached XP level 15. HP: 146/146 MP: 16/16
 31377 | D:11     | Noticed Urug
 31394 | D:11     | Killed Urug
 31728 | D:11     | Found a roughly hewn altar of Beogh.
 32157 | D:11     | Found a portal to a secret trove of treasure.
 32289 | D:11     | Reached skill level 17 in Fighting
 32704 | D:12     | Found a labyrinth entrance.
 32709 | D:12     | Noticed Username's ghost (journeyman DrAr)
 32712 | Lab      | Entered a labyrinth
 33752 | Lab      | Got an ancient shield
 33758 | Lab      | Identified the +3 shield of Compression {rPois rC++ MR- SInv} (You took it off a minotaur in a labyrinth)
 33781 | Lab      | Got a scintillating granite ring
 33788 | Lab      | Identified the ring of the Firefly {rC+++ rN+ MP+9 Dex-3 Slay-4} (You found it in a labyrinth)
 33802 | Lab      | Identified the Tome of the Aerial Glacier
 34058 | D:12     | Killed Username's ghost
 34177 | D:12     | Noticed Frances
 34194 | D:12     | Killed Frances
 34533 | D:12     | Noticed Xenophilius's ghost (journeyman MiGl)
 34542 | D:12     | Killed Xenophilius's ghost
 34815 | D:12     | Found a deep blue altar of Sif Muna.
 35181 | D:13     | Found a flagged portal.
 35329 | Bailey   | Entered a bailey
 35454 | Bailey   | Found an iron altar of Okawaru.
 36182 | D:13     | Noticed Josephine
 36193 | D:13     | Killed Josephine
 36444 | D:13     | Reached skill level 18 in Fighting
 36455 | D:13     | Reached skill level 1 in Shields
 37731 | D:14     | Found a gate to the Vaults.
 38023 | D:14     | Reached ****** piety under Trog
 38154 | D:14     | Received a gift from Trog
 38710 | D:15     | Entered Level 15 of the Dungeon
 39686 | D:15     | Reached XP level 16. HP: 159/159 MP: 17/17
 39717 | D:15     | Found a deep blue altar of Sif Muna.
 39777 | D:15     | Reached skill level 5 in Shields
 39950 | D:15     | Reached skill level 19 in Fighting
 40443 | D:15     | Received a gift from Trog
 40452 | D:15     | Found a staircase to the Depths.
 40750 | Orc:1    | Entered Level 1 of the Orcish Mines
 41744 | Orc:2    | Entered Level 2 of the Orcish Mines
 41805 | Orc:2    | Found a staircase to the Elven Halls.
 42081 | Orc:2    | Found Eskuj's Jewellery Shop.
 42122 | Orc:2    | Received a gift from Trog
 42819 | Orc:2    | Received a gift from Trog
 42829 | Orc:2    | Found Icsooloq's Book Boutique.
 42829 | Orc:2    | Found Zuaf's Antique Armour Emporium.
 42831 | Orc:2    | Found Fecsosm's Armour Boutique.
 42831 | Orc:2    | Found Nunn's Magic Scroll Emporium.
 43022 | Orc:2    | Bought a +0 pair of gloves for 49 gold pieces
 43023 | Orc:2    | Bought a scroll of enchant weapon for 112 gold pieces
 43023 | Orc:2    | Bought a scroll of identify for 30 gold pieces
 43023 | Orc:2    | Bought a scroll of magic mapping for 52 gold pieces
 43025 | Orc:2    | Bought a pair of glowing gloves for 126 gold pieces
 43025 | Orc:2    | Bought a runed hat for 112 gold pieces
 43058 | Orc:2    | Bought a +1 cloak of magic resistance for 181 gold pieces
 43058 | Orc:2    | Bought a +0 pair of boots for 49 gold pieces
 43077 | Orc:2    | Gained mutation: You are resistant to hostile enchantments. [potion of beneficial mutation]
 43078 | Orc:2    | Gained mutation: You are partially covered in icy blue scales (AC +1). [potion of beneficial mutation]
 43353 | Swamp:1  | Entered Level 1 of the Swamp
 44411 | Swamp:2  | Noticed a thorn hunter
 44431 | Swamp:2  | Killed a thorn hunter
 44816 | Swamp:2  | Reached skill level 10 in Long Blades
 45268 | Swamp:2  | Received a gift from Trog
 45979 | Swamp:3  | Reached skill level 15 in Armour
 46342 | Swamp:4  | Entered Level 4 of the Swamp
 46374 | Swamp:4  | Noticed the 27-headed Lernaean hydra
 46386 | Swamp:4  | Noticed a thorn hunter
 46758 | Swamp:4  | Received a gift from Trog
 46765 | Swamp:4  | Reached XP level 17. HP: 137/169 MP: 18/18
 46779 | Swamp:4  | Got an ancient triple sword {god gift}
 46789 | Swamp:4  | Identified the +2 triple sword of the Dove {venom, Fragile rPois Str+4 SInv} (Trog gifted it to you on level 4 of the Swamp)
 47649 | Swamp:4  | Got a decaying rune of Zot
 47674 | Swamp:4  | Killed the 27-headed Lernaean hydra
 47846 | Spider:1 | Entered Level 1 of the Spider Nest
 47873 | Spider:1 | Received a gift from Trog
 48097 | Spider:1 | Noticed Donald
 48111 | Spider:1 | Killed Donald
 48530 | Spider:2 | Reached skill level 20 in Fighting
 48701 | Spider:2 | Received a gift from Trog
 49452 | Spider:3 | Noticed smazza's ghost (adept DDNe)
 49462 | Spider:3 | Killed smazza's ghost
 49474 | Spider:3 | Reached skill level 10 in Shields
 50497 | Spider:4 | Entered Level 4 of the Spider Nest
 50555 | Spider:4 | Received a gift from Trog
 51531 | Spider:4 | Reached XP level 18. HP: 166/180 MP: 19/19
 51857 | Spider:4 | Received a gift from Trog
 52167 | Spider:4 | Got a gossamer rune of Zot
 52984 | Vaults:1 | Entered Level 1 of the Vaults
 53022 | Vaults:1 | Reached skill level 21 in Fighting
 53440 | Vaults:1 | Found Net Eff's Gadget Shop.
 53654 | Vaults:1 | Received a gift from Trog
 54282 | Vaults:1 | Found Dotall's Food Boutique.
 54289 | Vaults:1 | Bought a meat ration for 55 gold pieces
 54289 | Vaults:1 | Bought a royal jelly for 22 gold pieces
 54289 | Vaults:1 | Bought a slice of pizza for 16 gold pieces
 54289 | Vaults:1 | Bought a bread ration for 55 gold pieces
 54289 | Vaults:1 | Bought a bread ration for 55 gold pieces
 54289 | Vaults:1 | Bought a meat ration for 55 gold pieces
 54289 | Vaults:1 | Bought a bread ration for 55 gold pieces
 54289 | Vaults:1 | Bought a slice of pizza for 16 gold pieces
 54289 | Vaults:1 | Bought a beef jerky for 16 gold pieces
 54289 | Vaults:1 | Bought a bread ration for 55 gold pieces
 54289 | Vaults:1 | Bought a slice of pizza for 16 gold pieces
 54526 | Vaults:1 | Received a gift from Trog
 54789 | Vaults:2 | Found a staircase to the Crypt.
 54802 | Vaults:2 | Noticed Jory
 54821 | Vaults:1 | Killed Jory
 55007 | Vaults:1 | Reached XP level 19. HP: 96/191 MP: 20/20
 55179 | Vaults:1 | Received a gift from Trog
 55292 | Vaults:2 | Reached skill level 22 in Fighting
 55918 | Vaults:2 | Reached skill level 15 in Dodging
 55924 | Vaults:2 | Got a crystal rapier {speed}
 55925 | Vaults:2 | Identified the +6 rapier of Courage {speed, rPois rC++ Int-5 Stlth+} (You took it off a big kobold on level 2 of the Vaults)
 56517 | Vaults:2 | Received a gift from Trog
 56840 | Vaults:3 | Found Wutuiser's Gadget Shop.
 56866 | Vaults:3 | Bought a lamp of fire for 680 gold pieces
 57274 | Vaults:3 | Received a gift from Trog
 58168 | Vaults:3 | Received a gift from Trog
 58481 | Vaults:3 | Reached skill level 23 in Fighting
 58807 | Vaults:4 | Reached XP level 20. HP: 168/203 MP: 21/21
 58841 | Vaults:4 | Found Gozag's Assorted Antiques.
 58845 | Vaults:4 | Received a gift from Trog
 58898 | Vaults:4 | Found an opulent altar of Gozag.
 58926 | Vaults:4 | Found Gozag's Antique Armour Boutique.
 58938 | Vaults:4 | Found Gozag's Antique Armour Shop.
 58969 | Vaults:4 | Bought a scroll of blinking for 750 gold pieces
 59422 | Vaults:4 | Found Yriockycots's Weapon Emporium.
 59447 | Vaults:4 | Received a gift from Trog
 60697 | Depths:1 | Entered Level 1 of the Depths
 60703 | Depths:1 | Received a gift from Trog
 61308 | Depths:1 | Found a gateway to a ziggurat.
 61330 | Depths:1 | Reached skill level 24 in Fighting
 61374 | Depths:1 | Found a one-way gate leading to the halls of Pandemonium.
 61779 | Depths:1 | Found a gateway to Hell.
 61842 | Depths:1 | Received a gift from Trog
 62278 | Depths:1 | Found a bloodstained altar of Trog.
 62711 | Depths:2 | Received a gift from Trog
 62721 | Depths:2 | Reached XP level 21. HP: 198/215 MP: 22/22
 62903 | Depths:2 | Noticed Xenophilius's ghost (adept MiFi)
 62917 | Depths:2 | Killed Xenophilius's ghost
 63064 | Depths:2 | Reached skill level 15 in Shields
 63151 | Depths:2 | Found a corrupted altar of Lugonu.
 63156 | Depths:2 | Found a one-way gate to the infinite horrors of the Abyss.
 63230 | Depths:2 | Noticed Wiglaf
 63264 | Depths:2 | Killed Wiglaf
 64297 | Depths:3 | Received a gift from Trog
 65013 | Depths:3 | Reached skill level 25 in Fighting
 65899 | Depths:3 | Received a gift from Trog
 66331 | Depths:4 | Noticed a golden dragon
 66332 | Depths:4 | Reached skill level 5 in Evocations
 66345 | Depths:3 | Killed a golden dragon
 66922 | Depths:4 | Received a gift from Trog
 66981 | Depths:4 | Got a warped dagger
 66982 | Depths:4 | Identified the +6 dagger "Sefi" {antimagic, Str+2} (You found it on level 4 of the Depths)
 67300 | Depths:4 | Reached XP level 22. HP: 166/226 MP: 25/25
 67649 | Depths:4 | Voluntarily entered the Abyss.
 67858 | Abyss:1  | Found a stormy altar of Qazlal.
 68264 | Abyss:2  | Received a gift from Trog
 68449 | Abyss:2  | Identified 2 scrolls of acquirement
 68599 | Abyss:2  | Gained mutation: You are weak. (Str -2) [a cacodemon]
 69081 | Abyss:2  | Found an iron altar of Okawaru.
 69646 | Abyss:3  | Reached skill level 26 in Fighting
 69658 | Abyss:3  | Found a corrupted altar of Lugonu.
 69669 | Abyss:3  | Got an abyssal rune of Zot
 69903 | Depths:4 | Escaped the Abyss
 69927 | Depths:5 | Entered Level 5 of the Depths
 70086 | Depths:5 | Received a gift from Trog
 70849 | Depths:5 | Noticed a juggernaut
 70864 | Depths:5 | Killed a juggernaut
 70866 | Depths:5 | Noticed a golden dragon
 70876 | Depths:5 | Noticed Margery
 70879 | Depths:5 | Killed a golden dragon
 71058 | Depths:5 | Cast into level 2 of the Abyss (hell knight)
 71061 | Depths:5 | Escaped the Abyss
 71062 | Depths:5 | ay lmao
 71099 | Depths:5 | Killed Margery
 71121 | Depths:5 | Received a gift from Trog
 71252 | Depths:5 | Found a gate to the Realm of Zot.
 71280 | Depths:5 | Noticed a golden dragon
 71288 | Depths:5 | Killed a golden dragon
 71736 | Depths:5 | Reached XP level 23. HP: 238/238 MP: 28/28
 72937 | Zot:1    | Entered Level 1 of the Realm of Zot
 72942 | Zot:2    | Noticed an orb of fire
 72949 | Zot:2    | Gained mutation: Your magical capacity is low (-10% MP). [an orb of fire]
 72956 | Zot:2    | Killed an orb of fire
 72985 | Zot:2    | Received a gift from Trog
 73147 | Zot:2    | Noticed Demise101's ghost (veteran MiAs)
 73167 | Zot:2    | Killed Demise101's ghost
 73411 | Zot:3    | Reached skill level 27 in Fighting
 73954 | Zot:5    | Entered Level 5 of the Realm of Zot
 74852 | Zot:5    | Noticed an ancient lich
 74879 | Zot:5    | Killed an ancient lich
 74972 | Zot:5    | Noticed a Killer Klown
 74973 | Zot:5    | Noticed an orb of fire
 74973 | Zot:5    | Noticed an ancient lich
 74976 | Zot:5    | Noticed a Killer Klown
 74978 | Zot:5    | Noticed an orb of fire
 74985 | Zot:5    | Killed an ancient lich
 74985 | Zot:5    | Reached skill level 15 in Long Blades
 74989 | Zot:5    | Killed an orb of fire
 74989 | Zot:5    | Reached skill level 10 in Evocations
 74991 | Zot:5    | Gained mutation: You occasionally shout uncontrollably at your foes. [an orb of fire]
 74996 | Zot:5    | Noticed an orb of fire
 75003 | Zot:5    | Gained mutation: You are dopey. (Int -2) [an orb of fire]
 75019 | Zot:5    | Killed an orb of fire
 75019 | Zot:5    | Reached XP level 24. HP: 176/249 MP: 26/26
 75022 | Zot:5    | Noticed an orb of fire
 75029 | Zot:5    | Gained mutation: Your spells are a little easier to cast, but a little less powerful. [an orb of fire]
 75515 | Zot:5    | Gained mutation: Your spells are easier to cast, but less powerful. [an orb of fire]
 75525 | Zot:5    | Killed an orb of fire
 75593 | Zot:5    | Gained mutation: Your body sometimes deteriorates upon taking damage. [an orb of fire]
 75600 | Zot:5    | Killed an orb of fire
 75784 | Zot:5    | Lost mutation: Your magical capacity is low (-10% MP). [potion of cure mutation]
 75784 | Zot:5    | Lost mutation: Your body sometimes deteriorates upon taking damage. [potion of cure mutation]
 75784 | Zot:5    | Lost mutation: You occasionally shout uncontrollably at your foes. [potion of cure mutation]
 75784 | Zot:5    | Lost mutation: You are weak. (Str -2) [potion of cure mutation]
 75784 | Zot:5    | Lost mutation: You are dopey. (Int -2) [potion of cure mutation]
 75827 | Zot:5    | Received a gift from Trog
 75978 | Zot:5    | Noticed an orb of fire
 75995 | Zot:5    | Gained mutation: Potions and wands are less effective at restoring your health. [an orb of fire]
 75997 | Zot:5    | Killed an orb of fire
 76157 | Zot:5    | Noticed an orb of fire
 76173 | Zot:5    | Gained mutation: Your spells are much easier to cast, but much less powerful. [an orb of fire]
 76183 | Zot:5    | Killed an orb of fire
 76294 | Zot:5    | Noticed an orb of fire
 76299 | Zot:5    | Gained mutation: Scrolls take you a little longer to read. [an orb of fire]
 76316 | Zot:5    | Killed an orb of fire
 77048 | Zot:5    | Lost mutation: You are resistant to hostile enchantments. [potion of cure mutation]
 77048 | Zot:5    | Lost mutation: You are partially covered in icy blue scales (AC +1). [potion of cure mutation]
 77048 | Zot:5    | Lost mutation: Scrolls take you a little longer to read. [potion of cure mutation]
 77074 | Zot:5    | Got the Orb of Zot
 77076 | Zot:5    | Noticed Vegaag the pandemonium lord
 77824 | D:$      | Escaped with the Orb!

Vault maps used:
D:1:      tarquinn_simple_flora_water_e
D:2:      grunt_ministairs_1
D:3:      nicolae_overflow_crystal_walls, first_bread,
          nicolae_tso_swordbearing_angel, uniq_terence
D:4:      minmay_lizard_king
D:5:      nicolae_dithmenos_shadow_blocks, uniq_duvessa
D:6:      yredelemnul_altar_generic, kennysheep_small_square
D:7:      old_standard_altar, makhleb_blood_cavern_becter,
          grunt_pakellas_basics, minmay_temple_entry_nine_rooms, serial_shops,
          nicolae_shop_statue_plus, shop, kennysheep_mini_moat,
          nicolae_shop_stone, nicolae_shop_statue_plus
D:8:      nicolae_overflow_hidden_temple, overflow_temple_1_default,
          serial_shops, shop, hangedman_little_slice_of_home, minivault_14
D:9:      xom_butterflies, due_lair_maze_entry_diamond, orc_0_dummy
D:10:     ashenzari_altar_1
D:11:     nicolae_trove_entry_crystal, david_defended_altar_orc, uniq_urug,
          uniq_psyche
D:12:     lab_entry_generic, lemuel_blue_sif_altar, uniq_frances
D:13:     enter_bailey_3, moated_statue, minmay_statue_bubble, uniq_josephine
D:14:     grunt_vaults_entry_fortified, serial_bayou_pond_b
D:15:     grunt_enter_depths_snipers, basic_altar, roderic_digamma_sauvastika
Temple:   circular_temple_12
Lair:1:   beast_lair_carwin_large_1, serial_bayou_ford_a, st_stairs_6,
          minivault_19, grunt_megastairs_2, uniq_nergalle
Lair:2:   grunt_megastairs_1
Lair:4:   swamp_mist, grunt_megastairs_3
Lair:5:   basic_altar, serial_bayou_shore_a
Lair:6:   dummy_spider_entry, slime_altar_1, portal_ice_cave_entry_pillars_02,
          cheibrodos_lair_caveside_slide, serial_bayou_shore_b,
          infiniplex_staircase_pool
Lair:7:   minmay_stone_trees_medium, grunt_megastairs_4
Lair:8:   grunt_lair_end_beastmaster, st_stairs_7, grunt_megastairs_5
Swamp:1:  evilmike_swamp_ruin_house_1, lightli_tree_ring
Swamp:2:  nicolae_swamp_trees_clearing, swamp_pool3,
          nicolae_swamp_dragon_and_kin
Swamp:3:  hangedman_swamp_cone, swamp_pool2, roderic_carrion_pond
Swamp:4:  grunt_swamp_rune_castle
Spider:1: uniq_donald
Spider:3: spiders_nest_the_unseen
Spider:4: grunt_spider_rune_parallel, spider_trap
Orc:2:    grunt_orc_tribal_feast, serial_shops, shop_statue
Vaults:1: nicolae_vaults_stairing_the_circle, nicolae_vaults_know_your_exits,
          v_misc_24, nicolae_vaults_what_the_h, v_misc_2,
          hangedman_vaults_corner_blocks, vaults_room_grunt_arrival_ludios,
          v_misc_28, vaults_room_door_hall, vaults_room_pools,
          nicolae_vaults_little_squares_4, ontoclasm_vaults_tryst,
          vaults_room_pool, ontoclasm_vaults_ring_large, serial_shops,
          shop_fountains, shop
Vaults:2: minmay_crypt_entry_simple_sparse, ontoclasm_vaults_ring_large,
          nicolae_vaults_twisting_passages, v_misc_24, st_octagons_2,
          v_pattern_5, nicolae_vaults_little_ls, hangedman_vaults_cutoff,
          uniq_jory
Vaults:3: hangedman_vaults_stagger, vaults_dpeg_cross,
          grunt_vaults_hallway_short, ontoclasm_vaults_gateway,
          vaults_room_grid, nicolae_vaults_mini_display_case,
          ontoclasm_vaults_ring_small, hangedman_vaults_cutoff,
          nicolae_vaults_border_crossing, v_misc_2,
          nicolae_vaults_circle_grid_a, v_misc_26,
          ontoclasm_vaults_decontamination, ontoclasm_vaults_loading_screen,
          nicolae_vaults_rhombus_7, serial_shops, shop
Vaults:4: v_misc_15, v_alt_pattern_1, hangedman_vaults_impose,
          hangedman_vaults_unwind, v_alt_pattern_6, vaults_mumra_chevron,
          hangedman_vaults_river_flow, vaults_room_mumra_shop_pool,
          hangedman_vaults_maws, v_rooms_3, kennysheep_vaults_gozag_temple,
          hangedman_vaults_restitches, nicolae_vaults_little_squares_3,
          v_misc_8, v_misc_14, vaults_dpeg_ring
Depths:1: enter_ziggurat_a, pan_entry, pf_hell_entry_great_geh,
          grunt_ministairs_5, evilmike_spriggan_trog_shrine
Depths:2: minmay_connected_triangles_in_corner, serial_glass, glass_columns_a,
          glass_columns_b, glass_columns_b, glass_columns_a, feat_on_display,
          feat_on_display, hangedman_coc_ice_floe, abyss_entry_flame_altar,
          uniq_wiglaf
Depths:3: kennysheep_big_flooded_room, hell_entry, rand_demon_pan_entry_4,
          hangedman_decor_slide_cut, serial_bayou_shore_b
Depths:4: hangedman_cross_stitches, abyss_entry, hell_entry,
          corexii_leaking_fountain, minislime_mu
Depths:5: grunt_zot_entry_pinwheel, grunt_metal_band, pan_entry,
          minmay_misc_feat_four_crosses, serial_bayou_shore_b
Zot:3:    hangedman_zot_vaults_quadrants
Zot:4:    grunt_ministairs_6, st_single_dragon_hoard_1, st_stairs_11
Abyss:2:  evilmike_abyss_exit_8, hangedman_abyss_or_decor_stagger
Abyss:3:  evilmike_abyss_rune_shrine, minivault_23,
          hangedman_abyss_overflow_altar
Lab:      nicolae_lab_dead_adventurers, lab_fountain
Bailey:   bailey_axe_of_yendor_kennysheep, bailey
IceCv:    ice_cave_small_dragons

Skill      XL: |  1  2  3  4  5  6  7  8  9 10 11 12 13 14 15 16 17 18 19 20 21 22 23 24 |
---------------+-------------------------------------------------------------------------+-----
Short Blades   | 2 3 4 5 6 8 9 11 13 14 15 | 15.0
Fighting       | 2 3 5 6 7 8 10 11 13 14 16 18 19 20 21 23 24 25 26 27 | 27.0
Dodging        | 3 5 6 8 10 12 13 14 15 16 17 18 19 20 | 20.0
Maces & Flails | 2 |  2.8
Armour         | 3 5 8 10 12 13 15 16 17 18 19 20 21 | 21.8
Long Blades    | 7 11 13 15 17 | 17.6
Shields        | 4 8 10 12 13 14 15 | 15.0
Evocations     | 5 8 10 11 | 11.4
Stealth        | |  0.7

Action                   |  1- 3 |  4- 6 |  7- 9 | 10-12 | 13-15 | 16-18 | 19-21 | 22-24 || total
-------------------------+-------+-------+-------+-------+-------+-------+-------+-------++-------
Melee: Short sword       |    74 |   172 |   126 |       |       |       |       |       ||   372
       Dagger            |       |       |   374 |  1266 |  2336 |   185 |       |       ||  4161
       Whip              |       |       |    23 |       |       |       |       |       ||    23
       Double sword      |       |       |       |       |       |  1699 |  1847 |  1394 ||  4940
Invok: Berserk           |       |       |     1 |    19 |    26 |     6 |     4 |    11 ||    67
       Burn Spellbooks   |       |       |     1 |     6 |     4 |     5 |     2 |     2 ||    20
       Trog's Hand       |       |       |       |     8 |     6 |    15 |    12 |    19 ||    60
       Brothers in Arms  |       |       |       |     3 |    11 |    14 |     5 |     8 ||    41
Evoke: Wand              |     4 |     3 |    16 |     3 |     7 |     2 |     4 |    38 ||    77
       Fan of gales      |       |       |       |       |       |     1 |       |     3 ||     4
       Lamp of fire      |       |       |       |       |       |       |     2 |     3 ||     5
  Use: Scroll            |       |     4 |     8 |    11 |    15 |    20 |    11 |    21 ||    90
       Potion            |       |       |     3 |     1 |     2 |     3 |       |     9 ||    18
 Stab: Confused          |       |       |     1 |       |       |       |       |       ||     1
       Petrifying        |       |       |       |     1 |       |       |       |       ||     1
       Distracted        |       |       |       |       |     1 |     1 |       |     1 ||     3
       Invisible         |       |       |       |       |       |       |       |     4 ||     4
  Eat: Chunk             |     1 |     5 |    13 |    27 |    28 |    33 |    24 |    15 ||   146
       Bread ration      |       |       |     1 |     5 |     8 |       |       |       ||    14
       Pizza             |       |       |     2 |       |     2 |     1 |     5 |       ||    10
       Meat ration       |       |       |       |     2 |     4 |     3 |       |     8 ||    17
       Beef jerky        |       |       |       |       |     3 |     8 |     2 |       ||    13
       Fruit             |       |       |       |       |     1 |     5 |     3 |     2 ||    11
       Royal jelly       |       |       |       |       |       |       |     4 |       ||     4
